AoeStats
← TmZ_gazolla86

Golden Pit

509474314Analyzed
1v1 RM · 7d ago on Sep 26, 2026· 15m 34s· 2 players
Game mode
Random Map
Map size
Tiny (2 player)
Population
200
Speed
Normal
Resources
Standard
Victory
Conquest
Starting age
Dark Age
Ending age
Imperial Age
RankedLock teamsTeams togetherTeam positionsShared explorationLock speedFull tech treeHidden civsTurbo modeCheats
Victory
Defeat
🇧🇷 Varangians · Brazil
1181
+17
🇦🇷 Inca · Argentina
1201
-17
TmZ_gazolla86
6:43 Loom
9:45 Feudal Age
10:08 Man-at-Arms
10:11 Man-at-Arms
12:50 Forging
13:15 Scale Mail Armor
14:02 Arson
Anak
6:25 Loom
8:55 Feudal Age
10:28 Champi Runner
Connection lost

Rejoining the realm…

Still unreachable

The connection could not be restored.

Session expired

The server has moved on; the page needs a fresh start.